 Dungeon Crawl Stone Soup version 0.24-a0-458-gfcb5e6da0e (webtiles) character file.

Game seed: 16079069972017171846

5744 Craser22 the Cleaver (level 10, -2/91 HPs)
             Began as a Minotaur Berserker on June 26, 2019.
             Was a High Priest of Trog.
             Slain by a death yak (6 damage)
             ... on level 8 of the Dungeon.
             The game lasted 00:37:08 (7682 turns).

Craser22 the Cleaver (Minotaur Berserker)           Turns: 7682, Time: 00:37:09

Health: -2/91      AC: 17    Str: 22    XL:     10   Next: 49%
Magic:  9/9        EV:  8    Int:  4    God:    Trog [*****.]
Gold:   189        SH:  3    Dex: 13    Spells: 9/9 levels left

rFire    . . .     SeeInvis .   a - +0 hand axe
rCold    + . .     Gourm    .   (no shield)
rNeg     + . .     Faith    .   E - +0 plate armour
rPois    .         Spirit   .   (helmet restricted)
rElec    .         Reflect  +   z - +0 cloak
rCorr    .         Harm     .   (no gloves)
MR       .....                  h - +0 pair of boots
Stlth    ..........             t - +3 amulet of reflection
HPRegen  0.25/turn              B - ring of protection from cold
MPRegen  0.11/turn              F - ring of positive energy

@: berserk cooldown, slowed, very slow
A: retaliatory headbutt, horns 2
a: Berserk, Trog's Hand, Brothers in Arms, Renounce Religion


You were on level 8 of the Dungeon.
You worshipped Trog.
Trog was extremely pleased with you.
You were very hungry.

You visited 1 branch of the dungeon, and saw 8 of its levels.
You also visited: Sewer.

You collected 345 gold pieces.
You spent 156 gold pieces at shops.


Innate Abilities, Weirdness & Mutations

You reflexively headbutt those who attack you in melee.
You have a pair of horns on your head.


   Skills:
 + Level 9.5 Fighting
 - Level 14.0 Axes
 + Level 9.2 Armour
 - Level 2.1 Dodging


You had 9 spell levels left.
You didn't know any spells.
Your spell library was empty.

Inventory:

Hand Weapons
 a - a +0 hand axe (weapon)
 K - a +0 morningstar
 L - a cursed +4 hand axe
Missiles
 d - 337 stones (quivered)
 f - 8 silver boomerangs
 u - 3 boomerangs
 D - a throwing net {=f}
Armour
 h - a +0 pair of boots (worn)
 z - a +0 cloak (worn)
 A - a +2 ring mail of cold resistance
 E - a +0 plate armour (worn)
Jewellery
 g - an uncursed ring of fire
 p - a +2 ring of intelligence
 t - a +3 amulet of reflection (around neck)
 x - an uncursed amulet of regeneration
 B - a ring of protection from cold (left hand)
 F - a ring of positive energy (right hand)
Scrolls
 b - 7 scrolls of teleportation {unknown}
 j - 2 scrolls of remove curse {unknown}
 k - a scroll of noise {unknown}
 l - a scroll of enchant armour {unknown}
 n - 3 scrolls of random uselessness {unknown}
 o - 3 scrolls of immolation {!r}
 r - a scroll of fog {unknown}
 s - 2 scrolls of blinking {unknown}
 v - 2 scrolls of amnesia {unknown}
 y - 2 scrolls of fear {unknown}
 G - a scroll of magic mapping {unknown}
Potions
 e - 4 potions of degeneration {!q}
 i - a potion of haste {unknown}
 m - a potion of ambrosia {unknown}
 q - 4 potions of curing {@q1}
 C - a potion of invisibility {unknown}
 H - 2 potions of might {unknown}
 I - 5 potions of flight
 J - a potion of heal wounds {unknown}
 N - a potion of mutation {!q}
Comestibles
 c - 16 rations
 w - 13 chunks of flesh

Dungeon Overview and Level Annotations

Branches:
Dungeon (8/15)             Temple (0/1) D:6            Lair (0/6) D:8

Altars:

Shops:
D:6 = D:7

! ▒.▒ ▒..... ▒.▒
▒▒▒..... ▒.▒
▒.'.....
▒▒▒▒▒▒▒▒▒▒.▒▒▒▒
▒.▒.....
▒..........†..▒
▒.▒.....
▒.▒...▒▒▒▒.▒▒>▒
▒.▒▒▒▒..
▒.........▒▒▒.▒▒▒.▒
▒▒▒
▒......B..▒.......▒
▒......HY.▒.▒▒▒▒▒▒▒
▒....▒......▒
▒▒......▒...▒
▒....>.....▒
▒..........▒
▒..........▒
▒..........▒
▒..........▒


You could see a death yak and a worker ant.


Message History

You slash the death yak! You headbutt the death yak!
The death yak is severely wounded.
You hit the death yak.
The death yak is severely wounded.
You slash the death yak!
The death yak is almost dead.
The death yak barely misses you.
You barely miss the death yak.
The death yak is almost dead.
You slash the death yak!
You kill the death yak!
Trog accepts your kill.
Your Armour skill increases to level 9!
You block the death yak's attack. The worker ant barely misses you.
You barely miss the death yak. You hit the worker ant.
You are no longer berserk.
You are exhausted.
You feel yourself slow down.
The worker ant bites you but does no damage.
The death yak gores you.
* * * LOW HITPOINT WARNING * * *
The worker ant bites you but does no damage.
The death yak gores you.
* * * LOW HITPOINT WARNING * * *
The worker ant barely misses you. The death yak gores you.
You die...

Action                   |  1- 3 |  4- 6 |  7- 9 | 10-12 || total
-------------------------+-------+-------+-------+-------++-------
Melee: Hand axe          |    61 |   123 |   460 |    67 ||   711
       Headbutt          |     7 |    22 |    94 |    14 ||   137
Invok: Berserk           |       |     3 |     7 |     2 ||    12
  Use: Scroll            |       |       |     8 |     1 ||     9
  Eat: Chunk             |     1 |     7 |    22 |     2 ||    32
Armor: Leather armour    |    15 |    24 |       |       ||    39
       Animal skin       |     1 |       |       |       ||     1
       Ring mail         |       |     5 |       |       ||     5
       Scale mail        |       |     2 |     6 |       ||     8
       Chain mail        |       |       |    70 |       ||    70
       Plate armour      |       |       |    79 |    20 ||    99
Dodge: Dodged            |    30 |    61 |   116 |    11 ||   218
Block: Other             |       |       |    35 |     5 ||    40
       Reflection        |       |       |     3 |       ||     3

Levels and vault maps discovered:
D:1:      wheals_arrival_linesprint, layout_loops_ring
D:2:      layout_basic, minmay_cupped, uniq_natasha, uniq_jessica
D:3:      kennysheep_goblin_castle, layout_loops_corners,
          chequers_ecumenical_altar_twisty, uniq_robin, uniq_terence,
          uniq_sigmund
D:4:      layout_loops_ring
D:5:      layout_gridville, first_ration, kennysheep_donut, dk_noncrumbling_4
D:6:      layout_loops_corners, minmay_temple_entry_mini_moons,
          portal_sewer_entry_b, serial_shops, shop_statue, uniq_edmund,
          uniq_crazy_yiuf_cottage
D:7:      layout_gridville, serial_shops, shop, uniq_joseph, uniq_menkaure
D:8:      minmay_chambers_of_fours, layout_basic, dpeg_lair_monsters,
          serial_shops, kennysheep_mini, okawaru_gym_becter, uniq_erica

Notes
Turn   | Place    | Note
-------+----------+-------------------------------------------
     0 | D:1      | Craser22 the Minotaur Berserker began the quest for the
                  | Orb.
     0 | D:1      | Reached XP level 1. HP: 19/19 MP: 0/0
   177 | D:1      | Reached skill level 4 in Axes
   322 | D:1      | Reached XP level 2. HP: 19/26 MP: 1/1
   798 | D:1      | Reached skill level 5 in Axes
   850 | D:2      | Reached XP level 3. HP: 29/31 MP: 2/2
  1129 | D:2      | Reached skill level 6 in Axes
  1129 | D:2      | Reached XP level 4. HP: 27/39 MP: 3/3
  1205 | D:2      | Reached ** piety under Trog
  1237 | D:2      | Noticed Natasha
  1237 | D:2      | Noticed Jessica
  1241 | D:2      | Killed Jessica
  1243 | D:2      | Killed Natasha
  1243 | D:2      | Reached skill level 7 in Axes
  1243 | D:2      | Reached XP level 5. HP: 38/45 MP: 4/4
  1671 | D:2      | Noticed Natasha
  1675 | D:2      | Killed Natasha
  2111 | D:3      | Noticed Sigmund
  2119 | D:3      | Killed Sigmund
  2119 | D:3      | Reached skill level 8 in Axes
  2119 | D:3      | Reached XP level 6. HP: 51/51 MP: 5/5
  2173 | D:3      | Reached skill level 9 in Axes
  2201 | D:3      | Reached *** piety under Trog
  2509 | D:3      | Noticed Terence
  2517 | D:3      | Killed Terence
  2599 | D:3      | Reached XP level 7. HP: 57/57 MP: 6/6
  2800 | D:3      | Found a faded altar of an unknown god.
  3141 | D:3      | Noticed Robin
  3152 | D:3      | Killed Robin
  3155 | D:3      | Received a gift from Trog
  3596 | D:4      | Reached skill level 10 in Axes
  3903 | D:5      | Entered Level 5 of the Dungeon
  4065 | D:5      | Reached skill level 11 in Axes
  4347 | D:5      | Reached **** piety under Trog
  4548 | D:6      | Found a staircase to the Ecumenical Temple.
  4562 | D:6      | Reached XP level 8. HP: 56/64 MP: 7/7
  4658 | D:6      | Found Illuis's Jewellery Shoppe.
  4703 | D:6      | Reached skill level 12 in Axes
  4945 | D:6      | Reached skill level 13 in Axes
  5013 | D:6      | Found a glowing drain.
  5043 | Sewer    | Entered a sewer
  5223 | Sewer    | Noticed Purgy
  5232 | Sewer    | Killed Purgy
  5560 | D:6      | Reached XP level 9. HP: 35/70 MP: 8/8
  5635 | D:6      | Noticed Edmund
  5644 | D:6      | Reached skill level 14 in Axes
  5654 | D:6      | Killed Edmund
  5654 | D:6      | Reached skill level 4 in Fighting
  5654 | D:6      | Reached skill level 3 in Armour
  6006 | D:6      | Found a runed translucent door.
  6007 | D:6      | Noticed Crazy Yiuf
  6082 | D:6      | Reached ***** piety under Trog
  6156 | D:6      | Killed Crazy Yiuf
  6251 | D:7      | Noticed Joseph
  6262 | D:7      | Reached skill level 4 in Armour
  6283 | D:7      | Killed Joseph
  6283 | D:7      | Reached skill level 5 in Fighting
  6283 | D:7      | Reached skill level 5 in Armour
  6398 | D:7      | Reached skill level 6 in Fighting
  6423 | D:7      | HP: 10/112 [orc warrior/+0 dire flail (16)]
  6833 | D:7      | Reached skill level 6 in Armour
  6847 | D:7      | Received a gift from Trog
  6849 | D:7      | Reached skill level 7 in Fighting
  7056 | D:7      | Noticed Menkaure
  7061 | D:7      | Killed Menkaure
  7137 | D:7      | Reached skill level 7 in Armour
  7205 | D:7      | Found Caqox's Distillery.
  7286 | D:7      | Bought a potion of curing for 36 gold pieces
  7286 | D:7      | Bought a potion of mutation for 96 gold pieces
  7286 | D:7      | Bought 2 potions of degeneration for 24 gold pieces
  7371 | D:7      | Reached XP level 10. HP: 88/88 MP: 9/9
  7555 | D:8      | Reached skill level 8 in Fighting
  7641 | D:8      | Noticed a death yak
  7655 | D:8      | Reached skill level 8 in Armour
  7656 | D:8      | Noticed a death yak
  7663 | D:8      | Noticed a death yak
  7665 | D:8      | Killed a death yak
  7665 | D:8      | Reached skill level 9 in Fighting
  7668 | D:8      | Found a staircase to the Lair.
  7678 | D:8      | Killed a death yak
  7678 | D:8      | Reached skill level 9 in Armour
  7681 | D:8      | HP: 4/91 [death yak (6)]
  7682 | D:8      | Slain by a death yak

Vanquished Creatures
  2 death yaks (D:8)
  Joseph (D:7)
  Sigmund (D:3)
  A steam dragon (D:8)
  Menkaure (D:7)
  Edmund (D:6)
  A porcupine (D:8)
  Purgy (Sewer)
  3 orc warriors
  2 ogres
  3 sky beasts
  2 phantoms
  4 centaurs (D:6)
  2 bullfrogs
  A scorpion (D:7)
  A water moccasin skeleton (D:6)
  3 killer bees (D:7)
  10 wights
  4 howler monkeys
  A jelly (D:2)
  Crazy Yiuf (D:6)
  3 hounds
  6 orc priests
  A bullfrog skeleton (D:4)
  8 orc wizards
  Terence (D:3)
  Jessica (D:2)
  Natasha (twice) (D:2)
  2 iguanas
  7 worker ants
  2 hell rats (D:8)
  A hound zombie (D:7)
  A hound skeleton (D:6)
  Robin (D:3)
  15 adders
  4 river rats
  A shadow imp (D:5)
  3 oozes
  An adder zombie (D:6)
  A worm (D:2)
  4 dart slugs
  6 leopard geckos
  33 orcs
  7 giant cockroaches
  21 goblins
  5 hobgoblins
  8 jackals
  6 quokkas
  5 ball pythons
  8 bats
  3 frilled lizards
  7 kobolds
  A quokka zombie (D:5)
  8 rats
229 creatures vanquished.
